 Dungeon Crawl Stone Soup version 0.29-a0-495-g17b79114eb (webtiles) character file.

Game seed: 16446403473724070305

3026 dracfodder the Thaumaturge (level 9, -5/45 HPs)
             Began as a Gargoyle Earth Elementalist on May 27, 2022.
             Was a Follower of Sif Muna.
             Slain by a yak (10 damage)
             ... on level 8 of the Dungeon.
             The game lasted 00:44:25 (10210 turns).

dracfodder the Thaumaturge (GrEE)                  Turns: 10210, Time: 00:44:27

Health: -5/45      AC: 19    Str: 12    XL:     9   Next: 85%
Magic:  0/22       EV: 12    Int: 20    God:    Sif Muna [*.....]
Gold:   419        SH:  0    Dex: 10    Spells: 16/26 levels left

rFire   . . .      SeeInvis .   a - +5 dagger
rCold   . . .      Faith    .   (no shield)
rNeg    + . .      Spirit   .   D - +0 steam dragon scales
rPois   ∞          Reflect  .   c - +0 helmet
rElec   +          Harm     .   w - +1 cloak
rCorr   .          Rampage  .   t - +1 pair of gloves
Will    .....                   (no boots)
Stlth   ++........              F - amulet of the acrobat
HPRegen 0.15/turn               (no ring)
MPRegen 0.18/turn               (no ring)

@: unable to read
A: sickness immunity, AC +6, negative energy resistance 1, electricity
resistance, torment resistance 1, petrification resistance, iridescent scales 1,
inability to read while threatened, MP-powered wands
a: Renounce Religion, Channel Magic


You were on level 8 of the Dungeon.
You worshipped Sif Muna.
Sif Muna was aware of your devotion.
You visited 2 branches of the dungeon, and saw 10 of its levels.

You collected 419 gold pieces.

Inventory:

Hand Weapons
 a - a +5 dagger (weapon)
 b - the +2 spear of Eternal Vigilance {vorpal, rF+++ Str-3 Int-3 SInv}
   (You found it on level 2 of the Dungeon)

   It inflicts extra damage upon your enemies.
   Str:       It affects your strength (-3).
   Int:       It affects your intelligence (-3).
   rF:        It renders you almost immune to fire.
   SInv:      It lets you see invisible.
 p - a +0 battleaxe of flaming
 z - a +0 hunting sling
Missiles
 k - 10 boomerangs
 l - 41 stones
Armour
 c - a +0 helmet (worn)
 t - a +1 pair of gloves (worn)
 w - a +1 cloak (worn)
 D - +0 steam dragon scales (worn)
Jewellery
 F - an amulet of the acrobat (around neck)
Wands
 v - a wand of flame (10)
 A - a wand of acid (6)
Scrolls
 d - a scroll of identify
 f - 2 scrolls of teleportation
 m - a scroll of summoning {unknown}
 y - 2 scrolls of amnesia
 B - a scroll of fog
Potions
 g - 5 potions of curing
 i - 3 potions of might
 j - a potion of attraction {unknown}
 n - a potion of ambrosia {unknown}
 o - 6 potions of lignification {unknown}
 q - 2 potions of haste {unknown}
 r - 2 potions of heal wounds {unknown}
 s - 4 potions of flight {unknown}
 u - 2 potions of degeneration {unknown}
 x - 4 potions of berserk rage {unknown}
 C - a potion of cancellation {unknown}


   Skills:
 + Level 0.3 Fighting
 + Level 0.3 Throwing
 + Level 2.6 Armour
 + Level 1.9 Dodging
 + Level 2.6 Stealth
 * Level 9.1 Spellcasting
 * Level 5.9 Conjurations
 + Level 0.8 Transmutations
 + Level 8.7 Earth Magic


You had 16 spell levels left.
You knew the following spells:

 Your Spells              Type           Power      Damage    Failure   Level
a - Sandblast             Erth           88%        2d18      1%          1
b - Passwall              Tmut/Erth      23%        N/A       1%          2
c - Stone Arrow           Conj/Erth      76%        3d11      1%          3
d - Petrify               Tmut/Erth      28%        N/A       11%         4

Your spell library contained the following spells:

 Spells                   Type           Power      Damage    Failure   Level
 Gell's Gravitas          Tloc           9%         N/A       22%         3
 Teleport Other           Tloc           9%         N/A       22%         3
 Dispersal                Tloc           4%         N/A       100%        6


Dungeon Overview and Level Annotations

Branches:
Dungeon (9/15)             Temple (1/1) D:6
   Lair: D:8-11         Orc: D:9-12

Altars:
Ashenzari
Cheibriados
Dithmenos
Elyvilon
Fedhas
Gozag
Hepliaklqana
Kikubaaqudgha
Makhleb
Nemelex Xobeh
Okawaru
Qazlal
Ru
Sif Muna
Trog
Uskayaw
Vehumet
Wu Jian
Xom
Yredelemnul
Zin
The Shining One

Shops:
D:3 (


Innate Abilities, Weirdness & Mutations

You are immune to sickness and miasma.
Your stone body is resilient. (AC +6)
You are immune to poison.
You resist negative energy. (rN+)
You are resistant to electric shocks. (rElec)
You are resistant to unholy torment.
You are immune to petrification.
You are partially covered in iridescent scales. (AC +2)
You sometimes lose the ability to read scrolls when taking damage.
You expend magic power (3 MP) to strengthen your wands.


Message History

Your Spellcasting skill increases to level 9!
Casting: Sandblast (safe; 1% risk of failure)
Confirm with . or Enter, or press ? or * to list all spells.
Aiming: Sandblast (safe; 1% risk of failure)
Press: ? - help, Shift-Dir - straight line, f - yak
Aim: a yak (90% to hit)
The blast of sand hits the yak!
The yak is moderately wounded.
l - 41 stones The yak gores you!
You feel threatened and lose the ability to read scrolls!
* * * LOW HITPOINT WARNING * * *
Aiming: Corrosive Bolt
Press: ? - help, Q - select action, (/) - cycle Shift-Dir - straight line, f/p - yak
Aim: a yak (moderately wounded, 83% to hit)
You feel a surge of power!
The bolt of acid hits the yak!
The yak is heavily wounded.
The yak gores you but does no damage.
Aiming: Corrosive Bolt
Press: ? - help, Q - select action, (/) - cycle Shift-Dir - straight line, f/p - yak
Aim: a yak (heavily wounded, 83% to hit)
The bolt of acid misses the yak.
The yak completely misses you.
Unknown command.
Casting: Sandblast (safe; 1% risk of failure)
Confirm with . or Enter, or press ? or * to list all spells.
You don't have enough magic to cast this spell.
Aiming: Corrosive Bolt
Press: ? - help, Q - select action, (/) - cycle Shift-Dir - straight line, f/p - yak
Aim: a yak (heavily wounded, 83% to hit)
The bolt of acid misses the yak.
The yak gores you but does no damage.
Unknown command.
Aiming: Corrosive Bolt
Press: ? - help, Q - select action, (/) - cycle Shift-Dir - straight line, f/p - yak
Aim: a yak (heavily wounded, 83% to hit)
The bolt of acid hits the yak!
The acid corrodes the yak!
The yak is almost dead.
The yak gores you!
You die...

.....# #.##.# #. .≈...# #.##.# #.
.≈≈..# #..#.# #. .≈≈..# ##.#.# #.
.....###### #...####### #.
.....#....# ##........# #.
.....#....# #........# #.
.....#....#####..Y.....# ##
...............)@......#
..........#######......##########
.......###.......................
...≈...# #.######################
.......# #.# .≈≈....# #.#
.......# #.# ....≈..# #.#
.......# #.#


You could see a yak (corroded).

Vanquished Creatures
  A steam dragon (D:8)
  4 water moccasins
  2 ice beasts
  2 orc warriors
  A sky beast (D:7)
  A black bear (D:6)
  2 centaurs
  A kobold brigand (D:8)
  2 phantoms
  3 bullfrogs
  A gnoll sergeant (D:7)
  A necrophage (D:6)
  2 scorpions
  4 wights (D:7)
  4 howler monkeys
  2 hounds
  3 jellies
  Crazy Yiuf (D:5)
  2 orc priests
  A gnoll shaman (D:7)
  5 iguanas
  An orc wizard (D:7)
  Robin (D:3)
  3 adders
  11 gnolls
  A shadow imp (D:7)
  A white imp (D:5)
  2 worms
  2 dart slugs (D:5)
  28 orcs
  6 ball pythons
  11 endoplasms
  3 giant cockroaches
  11 goblins
  14 hobgoblins
  9 jackals
  12 kobolds
  4 quokkas
  3 bats
  A frilled lizard (D:1)
  5 rats
174 creatures vanquished.

Vanquished Creatures (others)
  A demonic plant (D:1)
1 creature vanquished.

Grand Total: 175 creatures vanquished

Notes
Turn   | Place    | Note
-------+----------+-------------------------------------------
     0 | D:1      | dracfodder the Gargoyle Earth Elementalist began the quest
                  | for the Orb.
     0 | D:1      | Reached XP level 1. HP: 10/10 MP: 3/3
   170 | D:1      | Found a faded altar of an unknown god.
   236 | D:1      | Reached XP level 2. HP: 15/15 MP: 0/5
   296 | D:1      | Learned a level 2 spell: Passwall
   561 | D:1      | Reached skill level 1 in Conjurations
   754 | D:1      | Reached XP level 3. HP: 19/19 MP: 1/7
  1381 | D:2      | Learned a level 3 spell: Stone Arrow
  1444 | D:2      | Reached skill level 3 in Spellcasting
  2110 | D:2      | Identified the +2 spear of Eternal Vigilance {vorpal, rF+++
                  | Str-3 Int-3 SInv}
  2268 | D:3      | Reached XP level 4. HP: 24/24 MP: 6/8
  2740 | D:3      | Found Bimm's Weapon Shoppe.
  2769 | D:3      | Noticed Robin
  2777 | D:3      | Reached XP level 5. HP: 21/28 MP: 6/10
  2794 | D:3      | Killed Robin
  2930 | D:3      | Learned a level 4 spell: Petrify
  3129 | D:3      | Reached skill level 1 in Armour
  3317 | D:3      | Found a blossoming altar of Fedhas.
  3317 | D:3      | Found an opulent altar of Gozag.
  4247 | D:4      | Reached XP level 6. HP: 20/32 MP: 8/11
  4767 | D:4      | Reached skill level 5 in Earth Magic
  4780 | D:4      | Reached skill level 4 in Spellcasting
  5297 | D:4      | Reached XP level 7. HP: 28/36 MP: 6/13
  5458 | D:5      | Entered Level 5 of the Dungeon
  5522 | D:5      | Reached skill level 5 in Spellcasting
  5932 | D:5      | Reached XP level 8. HP: 30/41 MP: 9/16
  6349 | D:5      | Identified the +3 trident of the Lair of Beasts {antimagic,
                  | Int+2}
  6364 | D:5      | Reached skill level 6 in Spellcasting
  6634 | D:5      | Found a runed translucent door.
  6635 | D:5      | Noticed Crazy Yiuf
  6641 | D:5      | Killed Crazy Yiuf
  7127 | D:6      | Reached skill level 7 in Spellcasting
  7602 | D:6      | Found a staircase to the Ecumenical Temple.
  7628 | Temple   | Entered the Ecumenical Temple
  7806 | Temple   | Became a worshipper of Sif Muna the Loreminder
  7894 | D:7      | Reached XP level 9. HP: 45/45 MP: 16/20
  8136 | D:7      | Reached skill level 8 in Spellcasting
  8487 | D:7      | Reached skill level 5 in Conjurations
  8583 | D:7      | Reached * piety under Sif Muna
  8849 | D:7      | Found a snail-covered altar of Cheibriados.
  8852 | D:7      | Found an ancient bone altar of Kikubaaqudgha.
  8857 | D:7      | Found a burning altar of Makhleb.
  9417 | D:8      | Gained mutation: You are weak. (Str -2) [potion of
                  | mutation]
  9417 | D:8      | Gained mutation: You are partially covered in iridescent
                  | scales. (AC +2) [potion of mutation]
  9417 | D:8      | Gained mutation: You have a pair of small horns on your
                  | head. [potion of mutation]
  9418 | D:8      | Lost mutation: You have a pair of small horns on your head.
                  | [potion of mutation]
  9418 | D:8      | Lost mutation: You are weak. (Str -2) [potion of mutation]
  9418 | D:8      | Gained mutation: You sometimes lose the ability to read
                  | scrolls when taking damage. [potion of mutation]
  9418 | D:8      | Gained mutation: You expend magic power (3 MP) to
                  | strengthen your wands. [potion of mutation]
 10206 | D:8      | Reached skill level 9 in Spellcasting
 10210 | D:8      | Slain by a yak

Illustrated notes

Levels and vault maps discovered:
D:1:      dpeg_arrival_another_circle, layout_loops_ring,
          shapermc_ecumenical_altar_gd
D:2:      layout_loops_cross
D:3:      layout_loops_corners, gammafunk_temple_overflow_elements,
          serial_shops, shop, hangedman_feature_mirror, minivault_26, uniq_robin
D:4:      layout_basic
D:5:      layout_basic, uniq_crazy_yiuf_cottage
D:6:      layout_cave_pools, minmay_temple_entry_enclosed_plants
D:7:      layout_gridville, grunt_temple_overflow_diamond
D:8:      layout_basic, chequers_serial_rivers_micro_b
D:9:      minmay_the_grid_triangle_9x9_rhombus_thin
          [minmay_the_grid_triangle_9x9_impossible_snake,
          minmay_the_grid_triangle_9x9_prize_special,
          minmay_the_grid_triangle_9x9_negative_grid,
          minmay_the_grid_triangle_9x9_warning], layout_basic,
          david_lair_shrubbed, gammafunk_ghost_icy, chequers_garden,
          minmay_three_doors, uniq_psyche
Temple:   minmay_crystal_spiral_temple

Skill      XL: |  1  2  3  4  5  6  7  8  9 |
---------------+----------------------------+-----
Conjurations   | 1 2 3 4 5 |  5.9
Spellcasting   | 3 4 5 7 9 |  9.1
Earth Magic    | 4 5 6 7 8 |  8.7
Armour         | 1 2 |  2.6
Fighting       | |  0.3
Throwing       | |  0.3
Dodging        | |  1.9
Stealth        | |  2.6
Transmutations | |  0.8

Action                   |  1- 3 |  4- 6 |  7- 9 || total
-------------------------+-------+-------+-------++-------
Melee: Short sword       |     1 |       |       ||     1
       Unarmed           |     1 |       |       ||     1
       Dagger            |     7 |    12 |     3 ||    22
Throw: Boomerang         |       |     2 |     3 ||     5
 Cast: Sandblast         |    58 |    75 |   112 ||   245
       Passwall          |     1 |     6 |       ||     7
       Stone Arrow       |       |    18 |    58 ||    76
Evoke: Wand              |       |       |     4 ||     4
  Use: Scroll            |     3 |     3 |     5 ||    11
       Potion            |       |     3 |     2 ||     5
Armor: Leather armour    |     9 |    13 |    26 ||    48
       Steam dragon scal |       |       |     4 ||     4
Dodge: Dodged            |    10 |    24 |    38 ||    72

Table legend: (Time is in decaauts)
 A = Elapsed time spent in this place.
 B = Non-inter-level travel time spent in this place.
 C = Inter-level travel time spent in this place.
 D = Time resting spent in this place.
 E = Time spent auto-exploring this place.
 F = Levels seen in this place.
 G = Mean time per level.
                   A        B        C        D        E       F      G
               +--------+--------+--------+--------+--------+-----+--------+
         Total |  10206 |   9891 |    315 |   2650 |   5797 |  10 | 1020.6 |
       Dungeon |   9989 |   9761 |    228 |   2650 |   5685 |   9 | 1109.9 |
        Temple |    216 |    129 |     87 |      0 |    112 |   1 |  216.0 |
               +--------+--------+--------+--------+--------+-----+--------+

Top non-repeatable levels by time:
     D:3: 1632 daAuts
     D:4: 1496 daAuts
     D:1: 1342 daAuts
     D:8: 1271 daAuts
     D:5: 1253 daAuts
     D:7: 1058 daAuts
     D:2: 985 daAuts
     D:6: 944 daAuts
  Temple: 216 daAuts
     D:9: 5 daAuts
